 Dungeon Crawl Stone Soup version 0.26-a0-663-g36e8fdb655 (webtiles) character file.

Game seed: 8371496999547622975

928 robertstho the Covered (level 7, -12/66 HPs)
             Began as a Deep Dwarf Fighter on Oct 12, 2020.
             Was an Initiate of Makhleb.
             Mangled by an ogre
             ... wielding a +0 giant spiked club
              (23 damage)
             ... on level 6 of the Dungeon.
             The game lasted 00:06:25 (3847 turns).

robertstho the Covered (Deep Dwarf Fighter)         Turns: 3847, Time: 00:06:26

Health: -12/66     AC: 11    Str: 22    XL:     7   Next: 85%
Magic:  6/6        EV:  6    Int:  8    God:    Makhleb [......]
Gold:   323        SH:  9    Dex: 12    Spells: 6/6 levels left

rFire    . . .     SeeInvis .   a - +1 war axe
rCold    . . .     Faith    .   c - +0 kite shield
rNeg     . . .     Spirit   .   B - +0 chain mail
rPois    .         Reflect  .   (no helmet)
rElec    .         Harm     .   (no cloak)
rCorr    .         Rampage  .   (no gloves)
MR       +....                  w - +0 pair of boots
Stlth    ..........             (no amulet)
HPRegen  0.00/turn              (no ring)
MPRegen  0.10/turn              (no ring)

@: non-regenerating, drained
A: damage resistance, heal wounds, sense surroundings 1, no regeneration
a: Heal Wounds, Renounce Religion


You were on level 6 of the Dungeon.
You worshipped Makhleb.
Makhleb was noncommittal.
You visited 2 branches of the dungeon, and saw 7 of its levels.

You collected 323 gold pieces.

Inventory:

Hand Weapons
 a - a +1 war axe (weapon)
 x - a +0 morningstar
Armour
 c - a +0 kite shield (worn)
 w - a +0 pair of boots (worn)
 B - a +0 chain mail (worn)
Wands
 z - a wand of polymorph (7)
Scrolls
 e - 7 scrolls of identify
 f - 3 scrolls of remove curse
 i - 2 scrolls of blinking {unknown}
 n - 2 scrolls of fog {unknown}
 o - 2 scrolls of teleportation
 r - a scroll of enchant weapon
 s - a scroll of fear {unknown}
 v - a scroll of amnesia
 y - a scroll of enchant armour
Potions
 d - 2 potions of might
 g - 2 potions of ambrosia
 h - a potion of mutation {unknown}
 j - 2 potions of degeneration {unknown}
 k - a potion of resistance {unknown}
 l - a potion of heal wounds {unknown}
 m - 3 potions of lignification {unknown}
 p - 2 potions of flight {unknown}
 q - a potion of magic {unknown}
 u - 2 potions of curing {unknown}
 A - a potion of invisibility {unknown}


   Skills:
 * Level 4.7(3.6) Fighting
 + Level 5.5(4.3) Axes
 * Level 6.5(5.3) Armour
 + Level 2.0(1.0) Dodging
 + Level 0.3(0.0) Stealth
 + Level 4.5(3.4) Shields


You had 6 spell levels left.
You didn't know any spells.
Your spell library was empty.

Dungeon Overview and Level Annotations

Branches:
Dungeon (6/15)             Temple (1/1) D:4

Altars:
Ashenzari
Cheibriados
Dithmenos
Elyvilon
Fedhas
Gozag
Hepliaklqana
Kikubaaqudgha
Makhleb
Nemelex Xobeh
Okawaru
Qazlal
Ru
Trog
Uskayaw
Vehumet
Wu Jian
Xom
Yredelemnul
Zin
The Shining One


Innate Abilities, Weirdness & Mutations

You are resistant to damage.
You can heal yourself by infusing magical energy.
You passively map a small area around you.
You do not regenerate.


Message History

You slash the ogre!
The ogre is heavily wounded.
You block the ogre's attack.
You hit the ogre but do no damage.
The ogre is heavily wounded.
You block the ogre's attack.
You barely miss the ogre.
The ogre is heavily wounded.
The ogre barely misses you.
You slash the ogre!
The ogre is severely wounded.
You block the ogre's attack.
You completely miss the ogre.
The ogre is severely wounded.
The ogre hits you with a +0 giant spiked club!!
* * * LOW HITPOINT WARNING * * *
You closely miss the ogre.
The ogre is severely wounded.
The ogre hits you with a +0 giant spiked club!!
You die...

#############
#.........[.#
#.#########.# #.#
#.# #.# #)# #.#
#####.######## #.#
#.....@O...... *
#####.##
#.###.########
.......# #.# #.#
.......# #.# #.#
.......####.# #.#
............###.###
........(.........##
............##.....#
.......###.........#


You could see an ogre.

Vanquished Creatures
  Menkaure (D:5)
  An ogre (D:4)
  A bullfrog (D:4)
  3 wights (D:6)
  A bullfrog zombie (D:6)
  A jelly (D:4)
  2 gnoll shamans (D:5)
  3 orc wizards
  3 worker ants
  A worker ant zombie (D:6)
  8 gnolls (D:5)
  6 adders
  2 oozes
  A worm (D:4)
  3 dart slugs
  3 leopard geckos
  19 orcs
  A ball python (D:3)
  11 giant cockroaches
  7 goblins
  4 hobgoblins
  3 jackals (D:1)
  A quokka (D:5)
  3 bats
  4 frilled lizards
  A jackal skeleton (D:5)
  7 kobolds
  5 rats
106 creatures vanquished.

Notes
Turn   | Place    | Note
-------+----------+-------------------------------------------
     0 | D:1      | robertstho the Deep Dwarf Fighter began the quest for the
                  | Orb.
     0 | D:1      | Reached XP level 1. HP: 20/20 MP: 1/1
    82 | D:1      | Reached XP level 2. HP: 27/27 MP: 2/2
   222 | D:1      | Reached skill level 4 in Armour
   253 | D:1      | Reached XP level 3. HP: 29/33 MP: 3/3
  1381 | D:3      | Reached XP level 4. HP: 37/42 MP: 4/4
  1603 | D:3      | Reached XP level 5. HP: 38/49 MP: 5/5
  1798 | D:3      | Reached skill level 1 in Dodging
  2026 | D:4      | Found a staircase to the Ecumenical Temple.
  2088 | D:4      | Noticed an ogre
  2099 | D:4      | Killed an ogre
  2099 | D:4      | Reached skill level 5 in Armour
  2099 | D:4      | Reached XP level 6. HP: 26/57 MP: 6/6
  2615 | D:5      | Entered Level 5 of the Dungeon
  2689 | D:5      | Noticed Menkaure
  2702 | D:5      | Killed Menkaure
  2702 | D:5      | Reached XP level 7. HP: 14/66 MP: 7/7
  2746 | D:5      | Reached skill level 5 in Axes
  3145 | D:5      | Reached skill level 6 in Armour
  3602 | Temple   | Entered the Ecumenical Temple
  3647 | Temple   | Became a worshipper of Makhleb the Destroyer
  3847 | D:6      | Mangled by an ogre

Illustrated notes

Levels and vault maps discovered:
D:1:      lemuel_arrival_funnel, layout_rooms
D:2:      layout_basic
D:3:      minmay_roachtagon, layout_basic
D:4:      layout_cave_pods, minmay_temple_entry_from_below_a
D:5:      layout_cave_pods, uniq_menkaure
D:6:      layout_loops_ring, gammafunk_ghost_stat_death
Temple:   nicolae_temple_the_god_donut

Skill      XL: |  1  2  3  4  5  6  7 |
---------------+----------------------+-----
Armour         | 4 5 6 |  6.5
Fighting       | 3 4 |  4.7
Axes           | 3 4 5 |  5.5
Dodging        | 1 2 |  2.0
Shields        | 4 |  4.5
Stealth        | |  0.3

Action                   |  1- 3 |  4- 6 |  7- 9 || total
-------------------------+-------+-------+-------++-------
Melee: War axe           |    85 |   158 |   109 ||   352
 Abil: Heal Wounds       |       |     3 |     4 ||     7
  Use: Scroll            |     6 |       |     1 ||     7
       Potion            |       |     1 |     1 ||     2
Armor: Scale mail        |    42 |    68 |    24 ||   134
       Chain mail        |       |       |    15 ||    15
Dodge: Dodged            |    30 |    49 |    42 ||   121
Block: Kite shield       |    50 |    85 |    53 ||   188

Table legend: (Time is in decaauts)
 A = Elapsed time spent in this place.
 B = Non-inter-level travel time spent in this place.
 C = Inter-level travel time spent in this place.
 D = Time resting spent in this place.
 E = Time spent auto-exploring this place.
 F = Levels seen in this place.
 G = Mean time per level.
                   A        B        C        D        E       F      G
               +--------+--------+--------+--------+--------+-----+--------+
         Total |   3990 |   3583 |    407 |      0 |   2743 |   7 |  570.0 |
       Dungeon |   3925 |   3537 |    388 |      0 |   2708 |   6 |  654.2 |
        Temple |     64 |     45 |     19 |      0 |     35 |   1 |   64.0 |
               +--------+--------+--------+--------+--------+-----+--------+

Top non-repeatable levels by time:
     D:5: 964 daAuts
     D:4: 843 daAuts
     D:2: 715 daAuts
     D:3: 682 daAuts
     D:1: 551 daAuts
     D:6: 169 daAuts
  Temple: 64 daAuts
